 Dungeon Sprint DCSS version 0.21.1-1-g345015f (webtiles) character file.

0 Psiloshibe the Slasher (level 4, -6/41 HPs)
             Began as a Barachi Berserker on June 22, 2018.
             Was a Believer of Trog.
             Mangled by Terence
             ... wielding a +7 short sword of venom
              (9 damage)
             ... in the Dungeon (Sprint VI: "Thunderdome").
             The game lasted 00:00:59 (53 turns).

Psiloshibe the Slasher (Barachi Berserker)            Turns: 53, Time: 00:00:59

Health: -6/41      AC:  2    Str: 19    XL:     4   Next: 44%
Magic:  5/13       EV: 13    Int: 13    God:    Trog [**....]
Gold:   20         SH:  0    Dex: 12    Spells: 3/3 levels left

rFire    . . .     SeeInvis +   a - +0 falchion
rCold    + + .     Gourm    .   (no shield)
rNeg     . . .     Faith    +   b - +0 animal skin
rPois    +         Spirit   .   (no helmet)
rElec    +         Reflect  .   (no cloak)
rCorr    .         Harm     .   (no gloves)
MR       +....     NoTele   +   (no boots)
Stlth    +.........             o - amulet "Keeppud" {Faith rPois rC++ Slay-3 SInv}
HPRegen  0.13/turn              n - ring "Ekkyero" {+Fly MR+ Int+2}
MPRegen  0.13/turn              p - ring of Xacib {rElec MP+9 Int+4}

@: lethally poisoned (-6 -> -16), berserk cooldown, slowed, very slow
A: +LOS, swims, slowness 1, strong legs 1
a: Hop, Berserk, Trog's Hand, Burn Spellbooks, Renounce Religion, Evoke Flight


You were in the Dungeon.
You worshipped Trog.
Trog was pleased with you.
You were not hungry.

You visited 1 branch You collected 200 gold pieces.
You spent 180 gold pieces at shops.

Inventory:

Hand Weapons
 a - a +0 falchion (weapon)
Armour
 b - a +0 animal skin (worn)
Jewellery
 n - the ring "Ekkyero" (left hand) {+Fly MR+ Int+2}
   (You bought it in a shop in the Dungeon)

   [ring of intelligence]

   It affects your intelligence (+2).
   It affects your resistance to hostile enchantments.
   It lets you fly.
 o - the amulet "Keeppud" (around neck) {Faith rPois rC++ Slay-3 SInv}
   (You bought it in a shop in the Dungeon)

   [amulet of faith]

   It allows you to gain divine favour quickly.
   It affects your accuracy and damage with ranged weapons and melee attacks
   (-3).
   It greatly protects you from cold.
   It protects you from poison.
   It lets you see invisible.
 p - the ring of Xacib (right hand) {rElec MP+9 Int+4}
   (You bought it in a shop in the Dungeon)

   [ring of magical power]

   It affects your intelligence (+4).
   It insulates you from electricity.
   It affects your magic capacity (+9).
Wands
 k - a wand of acid (4)
 l - a wand of iceblast (5)
Scrolls
 i - 4 scrolls of blinking
 m - 3 scrolls of fog
Potions
 d - a potion of curing
 e - 4 potions of heal wounds
 f - 4 potions of haste
 g - 2 potions of magic
 h - a potion of berserk rage
 j - a potion of resistance
Comestibles
 c - a ration
 q - a chunk of flesh


   Skills:
 + Level 6.6 Fighting
 + Level 6.7 Long Blades
 * Level 3.2 Throwing
 + Level 3.6 Armour
 + Level 3.6 Dodging


You had 3 spell levels left.
You didn't know any spells.

Dungeon Overview and Level Annotations

Branches:
Dungeon (1/1)

Altars:
Dithmenos
Fedhas
Kikubaaqudgha
Okawaru
Qazlal
Sif Muna
Trog
Uskayaw
The Shining One
Beogh
Jiyva
Lugonu

Shops:
D *[%???:(

Annotations:
D Terence


Innate Abilities, Weirdness & Mutations

Shadows flee at your approach. (+LOS)
You can swim through water.
You cover ground slowly.
You can hop short distances.


Message History

You are poisoned.
You hit Terence.
Terence is lightly wounded.
You feel sick.
Terence hits you with a short sword of venom!
* * * LOW HITPOINT WARNING * * *
Terence hits you with a short sword of venom.
* * * LOW HITPOINT WARNING * * *
You are lethally poisoned!
You hit Terence but do no damage.
Terence is lightly wounded.
* * * LOW HITPOINT WARNING * * *
You feel sick. Terence closely misses you.
You riposte.
You hit Terence.
Terence is heavily wounded.
You hit Terence but do no damage.
Terence is heavily wounded.
* * * LOW HITPOINT WARNING * * *
You feel sick.
Terence hits you with a short sword of venom!
You die...

#.....## ##∩.....∩#
#∩.......∩ #_......._
#_......._ #_........#
###.........###
#⌠..@........⌠#
######.8@........8.##
##∩___......###......_
###∩........8.# .8.....
#.†"÷..)......###.......
#⌠..........###...#
#⌠..........# #.<.#
#⌠..........# #...#
##.............###..
###∩........8.# .8..


You could see Terence.

Vanquished Creatures
  An ogre (D)
  2 bats (D)
3 creatures vanquished.

Notes
Turn   | Place    | Note
-------+----------+-------------------------------------------
     0 | D        | Psiloshibe the Barachi Berserker began the quest for the Orb.
     0 | D        | Reached XP level 1. HP: 18/18 MP: 1/1
     3 | D        | Found a blossoming altar of Fedhas.
     3 | D        | Found a roughly hewn altar of Beogh.
     4 | D        | Found a viscous altar of Jiyva.
     4 | D        | Found an iron altar of Okawaru.
     4 | D        | Found a deep blue altar of Sif Muna.
     5 | D        | Found a glowing golden altar of the Shining One.
     5 | D        | Found a corrupted altar of Lugonu.
     5 | D        | Round 1.
     6 | D        | Found Reaj's Delicious Food.
     6 | D        | Found a stormy altar of Qazlal.
     6 | D        | Found Gokkopni's Identification Station.
     6 | D        | Found a shadowy altar of Dithmenos.
     7 | D        | Found Maesik's Jewellery.
     7 | D        | Found Redupn's Advanced Armour.
     7 | D        | Found a hide-covered altar of Uskayaw.
     7 | D        | Found an ancient bone altar of Kikubaaqudgha.
     7 | D        | Found a bloodstained altar of Trog.
    17 | D        | Bought a warped platinum ring for 45 gold pieces
    17 | D        | Bought a smoking steel amulet for 45 gold pieces
    17 | D        | Bought a transparent turquoise ring for 45 gold pieces
    17 | D        | Identified the ring "Ekkyero" {+Fly MR+ Int+2} (You bought it in a shop in the Dungeon)
    18 | D        | Identified the amulet of Vaofupeck {Inacc rPois MR+ Dex-4} (You bought it in a shop in the Dungeon)
    19 | D        | Identified the ring of Xacib {rElec MP+9 Int+4} (You bought it in a shop in the Dungeon)
    25 | D        | Bought a shimmering bone amulet for 45 gold pieces
    25 | D        | Identified the amulet "Keeppud" {Faith rPois rC++ Slay-3 SInv} (You bought it in a shop in the Dungeon)
    36 | D        | Noticed an ogre
    44 | D        | Noticed Terence
    46 | D        | Killed an ogre
    46 | D        | Reached ** piety under Trog
    46 | D        | Reached XP level 2. HP: 29/29 MP: 2/2
    46 | D        | Reached XP level 3. HP: 35/35 MP: 3/3
    46 | D        | Reached XP level 4. HP: 41/41 MP: 4/4
    48 | D        | Found Zocraos's Magic Scroll Shop.
    48 | D        | Found Edueb's Magic Scroll Shop.
    48 | D        | Found Xuwkah's Must-Have Magic.
    49 | D        | Found Lobuatem's Staff Store.
    53 | D        | Mangled by Terence

Skill      XL: |  1 |
---------------+----+-----
Fighting       | 6 |  6.6
Long Blades    | 6 |  6.7
Throwing       | 3 |  3.2
Armour         | 3 |  3.6
Dodging        | 3 |  3.6

Action                   |  1- 3 |  4- 6 || total
-------------------------+-------+-------++-------
Melee: Falchion          |     6 |     4 ||    10
Invok: Berserk           |     1 |       ||     1
Evoke: Wand              |     1 |       ||     1
Armor: Animal skin       |     1 |       ||     1
Dodge: Dodged            |     5 |     1 ||     6
       Rpst.: Falchion   |     1 |     1 ||     2
